 Dungeon Crawl Stone Soup version 0.29.0-11-gd7f09526c8 (webtiles) character file.

Game seed: 16158911352871059432

57 sentinel the Stinger (level 4, 0/33 HPs)
             Began as a Meteoran Venom Mage on Sept 4, 2022.
             Slain by Grinder (5 damage)
             ... on level 3 of the Dungeon.
             The game lasted 00:02:04 (336 turns).

sentinel the Stinger (Meteoran Venom Mage)           Turns: 336, Time: 00:02:04

Health: 0/33       AC:  5    Str: 10    XL:     4   Next: 41%
Magic:  9/9        EV: 12    Int: 18    God:
Gold:   0          SH:  0    Dex: 14    Spells: 3/8 levels left

rFire   . . .      SeeInvis .   (no weapon)
rCold   . . .      Faith    .   (no shield)
rNeg    . . .      Spirit   .   a - +0 robe
rPois   .          Reflect  .   (no helmet)
rElec   .          Harm     .   c - +2 cloak
rCorr   .          Rampage  .   (no gloves)
Will    .....                   (no boots)
Stlth   +.........              (no amulet)
HPRegen 0.11/turn               (no ring)
MPRegen 0.11/turn               (no ring)

@: glowing
A: sense surroundings 1, otherworldly, glowing, explore regen
a: no special abilities


You were on level 3 of the Dungeon.
You visited 1 branch of the dungeon, and saw 3 of its levels.

Inventory:

Armour
 a - a +0 robe (worn)
 c - a +2 cloak (worn)


   Skills:
 - Level 2.4 Dodging
 - Level 1.4 Stealth
 + Level 2.6 Spellcasting
 - Level 1.2 Transmutations
 + Level 5.7 Poison Magic


You had 3 spell levels left.
You knew the following spells:

 Your Spells              Type           Power      Damage    Failure   Level
a - Sting                 Tmut/Pois      60%        1d6       4%          1
t - Olgreb's Toxic Radia  Pois           23%        N/A       16%         4

Your spell library contained the following spells:

 Spells                   Type           Power      Damage    Failure   Level
 Poisonous Vapours        Pois/Air       24%        N/A       8%          2
 Mephitic Cloud           Conj/Pois/Air  9%         N/A       22%         3


Dungeon Overview and Level Annotations

Branches:
Dungeon (3/15) Zot: 1465

Altars:

Shops:
D:2 =   D:3 [

Annotations:
D:3 Grinder


Innate Abilities, Weirdness & Mutations

You passively map a small area around you.
You are easily found by Zot.
You glow in the dark.
You regain HP and MP as you explore.


Message History

There is an escape hatch in the ceiling here.
Magic restored.
A mysterious force pulls you upwards. The hatch slams shut behind you.
Magic restored.
Found a stone staircase leading down.
There is a stone staircase leading down here.
You climb downwards.
Level annotation: Grinder HP restored.
The orc shouts!
There is a stone staircase leading up here.
Found 7 gold pieces.
The sting hits the orc.
The orc is poisoned.
The orc is lightly wounded.
The sting hits the orc.
The orc looks even sicker.
The orc is heavily wounded.
The orc hits you with a +0 dagger.
The sting hits the orc.
The orc looks even sicker.
You kill the orc!
Your Poison Magic skill increases to level 5!
You can't see any susceptible monsters within range! (Use Z to cast anyway.)
An adder comes into view.
The adder hisses angrily.
You hear a shout!
An orc wizard comes into view. It is wielding a +0 dagger.
The orc wizard shouts!
You hear an angry hiss.
You hear a shout!
You miscast Sting.
You are very lightly contaminated with residual magic.
Nothing appears to happen.
The sting hits the adder but does no damage.
The adder is poisoned.
A goblin comes into view. It is wielding a +0 club.
The adder bites you. The adder bites you. The adder attacks as you move away!
The adder closely misses you.
The orc wizard mumbles some strange words.
The orc wizard flickers and vanishes!
Deactivating autopickup; reactivate with Ctrl-A.
Your magical contamination has completely faded away.
The adder attacks as you move away! The adder barely misses you.
The adder looks more healthy.
The adder bites you. The adder attacks as you move away! The adder bites you.
The sting misses the adder.
The adder bites you. The adder attacks as you move away! The adder bites you.
The sting hits the adder.
The adder is poisoned.
The adder is heavily wounded.
The adder bites you but does no damage. x2
The sting hits the adder but does no damage.
The adder looks even sicker.
The adder is heavily wounded.
The adder bites you but does no damage. The adder bites you.
You are poisoned.
The adder poisons you!
You feel sick.
Found a hand axe.
You feel sick.
You are too injured to fight recklessly!
You feel sick. The adder closely misses you.
You feel sick.
You are no longer poisoned.
You are too injured to fight recklessly!
Casting: Sting (safe; 4% risk of failure)
Confirm with . or Enter, or press ? or * to list all spells.
Aiming: Sting (safe; 4% risk of failure)
Press: ? - help, Shift-Dir - straight line, f/p - adder
Aim: an adder (severely wounded, poisoned, 53% to hit)
The sting misses the adder.
The sting hits something.
The adder completely misses you.
Casting: Sting (safe; 4% risk of failure)
Confirm with . or Enter, or press ? or * to list all spells.
Aiming: Sting (safe; 4% risk of failure)
Press: ? - help, Shift-Dir - straight line, f/p - adder
Aim: an adder (severely wounded, poisoned, 53% to hit)
The sting hits the adder.
The adder looks even sicker.
The adder is almost dead.
The adder bites you but does no damage.
Casting: Sting (safe; 4% risk of failure)
Confirm with . or Enter, or press ? or * to list all spells.
Aiming: Sting (safe; 4% risk of failure)
Press: ? - help, Shift-Dir - straight line, f/p - adder
Aim: an adder (almost dead, very poisoned, 53% to hit)
The sting hits the adder but does no damage.
The adder looks even sicker.
The adder is almost dead.
You kill the adder!
Something hits you but does no damage.
Casting: Sting (safe; 4% risk of failure)
Confirm with . or Enter, or press ? or * to list all spells.
You can't see any susceptible monsters within range! (Use Z to cast anyway.) Unknown command.
You aren't carrying any scrolls.
Okay, then.
Casting: Sting (safe; 4% risk of failure)
Confirm with . or Enter, or press ? or * to list all spells.
You can't see any susceptible monsters within range! (Use Z to cast anyway.)
You completely miss something. Something hits you but does no damage.
Unknown command.
Casting: Sting (safe; 4% risk of failure)
Confirm with . or Enter, or press ? or * to list all spells.
Aiming: Sting (safe; 4% risk of failure)
Press: ? - help, Shift-Dir - straight line Something hits you.
* * * LOW HITPOINT WARNING * * *
Casting: Sting (safe; 4% risk of failure)
Confirm with . or Enter, or press ? or * to list all spells.
Aiming: Sting (safe; 4% risk of failure)
Press: ? - help, Shift-Dir - straight line The sting hits something.
You hear some strange, mumbled words.
You are confused.
Magic courses through your body. Something hits you.
* * * LOW HITPOINT WARNING * * *
You're too confused to cast spells.
You bump into the rock wall.
Reactivating autopickup.
You feel a bit more experienced.
You have reached level 4!
Things that are here:
a +0 dagger; a +0 robe; an orc corpse You bump into the rock wall.
You are too confused!
You bump into the rock wall.
You bump into the rock wall.
You feel less confused.
This spell is extremely dangerous to cast!
Memorise Olgreb's Toxic Radiance, consuming 4 spell levels and leaving 3?
You start memorising the spell.
You continue memorising. x4
You finish memorising.
Spell assigned to 't'.
You see here a +0 hand axe.
You open the door.
There is an open door here.
There is a stone staircase leading up here.
There is an open door here.
You open the door.
There is an open door here.
Grinder opens the door.
You aren't carrying any scrolls.
Unknown command.
Grinder shouts!
Grinder says, "There's only one good use for a tongue: cutting it out."
Grinder gestures at you. Pain shoots through your body!
Grinder gestures at you.
You suddenly lose the ability to move!
You can move again.
Unknown command.
Grinder grins, showing sharp teeth.
Grinder attacks as you move away! Grinder hits you.
* * * LOW HITPOINT WARNING * * *
You writhe in agony.
You die...

, , + + , * *
, , ,, ,
##### , *
#...#
*.#.#####.###
.......@...#
,
*.#.....#5###
#####.#.# * *
* #.#.# *
#.#.# , ,
#.#.# * #.#.#
##### #.#.##
* * #...#
,,#....#


You could see Grinder.

Vanquished Creatures
  An orc wizard (D:3)
  2 adders
  A dart slug (D:3)
  An orc (D:3)
  A ball python (D:1)
  An endoplasm (D:2)
  A giant cockroach (D:3)
  2 goblins (D:1)
  A bat (D:1)
  2 frilled lizards
  2 rats (D:1)
15 creatures vanquished.

Notes
Turn   | Place    | Note
-------+----------+-------------------------------------------
     0 | D:1      | sentinel the Meteoran Venom Mage began the quest for the
                  | Orb.
     0 | D:1      | Reached XP level 1. HP: 14/14 MP: 5/5
    65 | D:1      | Reached skill level 4 in Poison Magic
    82 | D:1      | Reached XP level 2. HP: 20/20 MP: 4/6
   107 | D:1      | You fall into a shaft and drop 1 floor!
   109 | D:2      | Found Dounnum's One-of-a-Kind Rings.
   162 | D:2      | Reached XP level 3. HP: 26/26 MP: 0/8
   170 | D:3      | Found Zoficoni's Armour Shop.
   188 | D:3      | Noticed Grinder
   252 | D:3      | Reached skill level 5 in Poison Magic
   286 | D:3      | Reached XP level 4. HP: 6/33 MP: 9/9
   299 | D:3      | Learned a level 4 spell: Olgreb's Toxic Radiance
   330 | D:3      | Paralysed by Grinder for 3 turns
   336 | D:3      | Slain by Grinder

Illustrated notes

Levels and vault maps discovered:
D:1:      erik_arrival_cave_to_civilisation [erik_arrival_cave_to_hall],
          layout_basic, minmay_misc_feat_plants
D:2:      layout_basic, hellmonk_ecumenical_altar_watching_god, corner_web_ring,
          nicolae_shop_unique_rings, uniq_sigmund
D:3:      layout_basic, nicolae_dithmenos_through_a_glass_darkly, serial_shops,
          nicolae_shop_statue_plus, uniq_grinder, uniq_natasha,
          uniq_crazy_yiuf_cottage, uniq_robin

Skill      XL: |  1  2  3 |
---------------+----------+-----
Poison Magic   | 4 5 |  5.7
Dodging        | |  2.4
Stealth        | |  1.4
Spellcasting   | |  2.6
Transmutations | |  1.2

Action                   |  1- 3 |  4- 6 || total
-------------------------+-------+-------++-------
Melee: Unarmed           |     1 |       ||     1
 Cast: Sting             |    36 |       ||    36
  Use: Scroll            |     1 |       ||     1
       Potion            |     1 |       ||     1
Armor: Robe              |    16 |       ||    16
Dodge: Dodged            |     8 |       ||     8
